 Dungeon Crawl Stone Soup version 0.19.1-1-g22dce08 (webtiles) character file.

340 Sayumi the Covered (level 6, -2/48 HPs)
             Began as a Human Fighter on Jan 8, 2017.
             Was a Follower of Okawaru.
             Slain by an ogre
             ... wielding a +0 giant club
              (11 damage)
             ... on level 4 of the Dungeon.
             The game lasted 00:20:57 (2507 turns).

Sayumi the Covered (Human Fighter)                  Turns: 2507, Time: 00:20:58

Health: -2/48      AC:  8    Str: 18    XL:     6   Next: 87%
Magic:  6/6        EV:  7    Int:  8    God:    Okawaru [*.....]
Gold:   132        SH:  9    Dex: 13    Spells: 0 memorised, 5 levels left

rFire  . . .     SeeInvis .     a - +0 long sword
rCold  . . .     Gourm    .     e - +0 scale mail
rNeg   . . .     Faith    .     c - +0 shield
rPois  +         Spirit   .     (no helmet)
rElec  .         Reflect  .     r - +0 cloak
rCorr  .         Harm     .     (no gloves)
MR     .....                    (no boots)
Stlth  ..........               (no amulet)
                                w - ring of poison resistance
                                j - ring of poison resistance

@: no status effects
A: no striking features
a: Heroism, Renounce Religion


You were on level 4 of the Dungeon.
You worshipped Okawaru.
Okawaru was aware of your devotion.
You were not hungry.

You visited 1 branch of the dungeon, and saw 4 of its levels.

You collected 132 gold pieces.

Inventory:

Hand Weapons
 a - a +0 long sword (weapon)
 b - a +0 whip
 l - a +0 mace
 u - a +3 dagger of distortion
 D - a +0 rapier
 H - a +0 antimagic dagger
 J - a +2 whip of holy wrath
Missiles
 h - 58 stones (quivered)
 i - 17 sling bullets
 n - 16 poisoned needles
 s - 6 tomahawks
 E - 28 bolts
 G - 15 arrows
Armour
 c - a +0 shield (worn)
 e - a +0 scale mail (worn)
 r - a +0 cloak (worn)
 t - a +0 ring mail
 z - a +0 robe
Jewellery
 j - a ring of poison resistance (left hand)
 w - a ring of poison resistance (right hand)
Scrolls
 m - a scroll of enchant armour {unknown}
 p - a scroll of amnesia {unknown}
 y - a scroll of immolation {unknown}
 B - 3 scrolls of identify {unknown}
 C - a scroll of random uselessness {unknown}
 I - a scroll of fear {unknown}
Potions
 d - 2 potions of might
 g - a potion of magic {unknown}
 k - 3 potions of brilliance {unknown}
 x - a potion of flight {unknown}
 A - 2 potions of agility {unknown}
 L - 2 potions of resistance {unknown}
Comestibles
 f - a bread ration
 o - 2 meat rations
 q - a royal jelly
 v - a fruit
 F - a slice of pizza
 K - 2 chunks of flesh


   Skills:
 + Level 3.7 Fighting
 + Level 4.2 Long Blades
 + Level 0.2 Throwing
 + Level 4.3 Armour
 + Level 1.0 Dodging
 + Level 0.4 Stealth
 + Level 4.1 Shields


You had 5 spell levels left.
You didn't know any spells.

Dungeon Overview and Level Annotations

Branches:
Dungeon (4/15)
 Temple: D:4-7

Altars:
Dithmenos
Okawaru
Trog


Message History

Aim: an ogre, wielding a giant club (lightly wounded)
You throw a stone. The stone barely misses the ogre.
You barely miss the ogre.
The ogre is lightly wounded.
The ogre hits you with a giant club.
You barely miss the ogre.
The ogre is lightly wounded.
You block the ogre's attack.
You hit the ogre.
The ogre is lightly wounded.
The ogre hits you with a giant club.
You hit the ogre.
The ogre is moderately wounded.
The ogre hits you with a giant club!
You hit the ogre but do no damage.
The ogre is moderately wounded.
The ogre hits you with a giant club!!
* * * LOW HITPOINT WARNING * * *
The ogre hits you with a giant club!
You die...

#..............†....#.#
....# ######.......##.##
..#.#######.............
..#..##............###..
..##....###........######
....<#### ##............
..##.# ####........#####
..##............O....#
#.#########.....@)...#
#.# #.........<.#....#
#.# #.........#.......
#.# #........#..##.###
#.# ##........#...#.# #.#
#...........#... #.#
#.#####....####.# #.#
##.# ..#.## .# #.# #..#
.....# .


You could see an ogre.

Vanquished Creatures
  A phantom (D:4)
  An eye of draining (D:3)
  An orc wizard (D:4)
  4 adders
  A gnoll (D:3)
  3 oozes
  A worm (D:3)
  A dart slug (D:1)
  2 leopard geckos
  3 orcs (D:4)
  A ball python (D:3)
  11 bats
  4 giant cockroaches
  10 goblins
  2 hobgoblins
  A quokka (D:2)
  3 frilled lizards (D:1)
  12 kobolds
  7 rats
69 creatures vanquished.

Notes
Turn   | Place    | Note
-------+----------+-------------------------------------------
     0 | D:1      | Sayumi the Human Fighter began the quest for the Orb.
     0 | D:1      | Reached XP level 1. HP: 18/18 MP: 1/1
   319 | D:1      | Reached XP level 2. HP: 23/24 MP: 2/2
   491 | D:1      | Reached XP level 3. HP: 19/29 MP: 3/3
  1168 | D:2      | Reached XP level 4. HP: 35/35 MP: 4/4
  1320 | D:2      | Found a shadowy altar of Dithmenos.
  1455 | D:2      | Found an iron altar of Okawaru.
  1488 | D:2      | Became a worshipper of Warmaster Okawaru
  2066 | D:3      | Reached XP level 5. HP: 31/41 MP: 5/5
  2204 | D:3      | Noticed an eye of draining
  2221 | D:3      | Killed an eye of draining
  2221 | D:3      | Reached XP level 6. HP: 44/47 MP: 0/6
  2222 | D:3      | Found a bloodstained altar of Trog.
  2351 | D:4      | Noticed a phantom
  2399 | D:4      | Killed a phantom
  2399 | D:4      | Reached * piety under Okawaru
  2399 | D:4      | Reached skill level 1 in Dodging
  2487 | D:4      | Noticed an ogre
  2507 | D:4      | Slain by an ogre

Skill      XL: |  1  2  3  4  5  6 |
---------------+-------------------+-----
Long Blades    | 3 4 |  4.2
Armour         | 4 |  4.3
Shields        | 4 |  4.1
Dodging        | 1 |  1.0
Fighting       | |  3.7
Throwing       | |  0.2
Stealth        | |  0.4

Action                   |  1- 3 |  4- 6 || total
-------------------------+-------+-------++-------
Melee: Long sword        |   118 |   139 ||   257
Throw: Stone             |     3 |    22 ||    25
  Use: Potion            |     2 |       ||     2
       Scroll            |     1 |       ||     1
  Eat: Chunk             |     1 |     3 ||     4
       Pizza             |       |     1 ||     1
Armor: Scale mail        |    85 |    53 ||   138
Dodge: Dodged            |    43 |    37 ||    80
Block: Shield            |    67 |    63 ||   130
       Rpst.: Long sword |     8 |    13 ||    21
